Map: Year Zero LE

Players

Sketchaphone

  • Race: Zerg Zerg
  • League: Platinum
  • Spawn Location: 11:00

Sid - Winner!

  • Race: Protoss Protoss
  • Spawn Location: 1:00

VOD

Have the link to the VOD?

Description

Time

  • Played on: Feb. 9, 2019, 2:19 p.m.
  • Length: 12:16
Show
View Real Time Build Order
Export as new Build Order

Sketchaphone Zerg 

Build Orders: 3 Hatch before Pool 

Get SALT Encoding   

  12  0:01  Drone  
  13  0:13  Overlord  
  13  0:19  Drone  
  14  0:23  Extractor  
  14  0:24  Drone  
  15  0:31  Drone  
  15  0:34  Drone  
  17  0:57  Hatchery  
  17  0:59  Drone  
  17  1:02  Extractor  
  17  1:03  Drone  
  17  1:30  Hatchery  
  16  1:48  Spawning Pool  
  16  2:01  Drone  
  17  2:02  Drone  
  17  2:03  Overlord  
  18  2:11  Drone  
  19  2:35  Metabolic Boost  
  19  2:36  Queen  
  19  2:38  Zergling x4  
  23  2:46  Hatchery  
  23  2:49  Spine Crawler  
  21  2:54  Drone  
  22  3:10  Drone x3  
  25  3:31  Drone  
  25  3:32  Queen  
  28  3:38  Evolution Chamber  
  27  3:52  Hatchery  
  26  3:55  Overlord  
  27  4:31  Drone  
  27  4:33  Overlord  
  27  4:39  Zerg Melee Weapons Level 1, Drone x2  
  27  4:40  Overlord  
  27  4:41  Drone  
  27  4:43  Queen  
  32  4:46  Zergling x2  
  33  4:57  Zergling x4  
  35  5:17  Drone  
  35  5:18  Queen  
  35  5:19  Drone  
  35  5:20  Queen, Drone  
  42  5:22  Drone x5  
  47  5:31  Drone  
  47  5:32  Overlord  
  47  5:33  Drone  
  49  5:39  Drone x2  
  51  5:50  Zergling x10  
  51  5:56  Queen, Spore Crawler  
  57  6:10  Queen  
  59  6:13  Spore Crawler  
  56  6:20  Spore Crawler, Drone x3  
  56  6:21  Spore Crawler  
  58  6:32  Spore Crawler  
  57  6:33  Spore Crawler  
  57  6:36  Drone, Zerg Ground Armor Level 1  
  57  6:38  Baneling Nest  
  52  6:48  Overlord x2  
  52  6:50  Drone  
  52  6:57  Zergling x4  
  52  7:05  Queen, Spore Crawler, Drone  
  52  7:08  Drone x7  
  61  7:21  Queen  
  63  7:31  Overlord, Extractor  
  63  7:35  Spore Crawler  
  61  7:38  Baneling x9  
  61  7:39  Overlord  
  60  7:45  Overlord  
  60  7:48  Queen  
  62  7:58  Lair  
  60  8:11  Zergling x18  
  63  8:18  Zergling x6  
  66  8:23  Overlord  
  66  8:29  Overlord  
  66  8:37  Extractor  
  65  8:45  Zergling x6  
  67  9:00  Zergling x8  
  67  9:01  Zergling x6  
  67  9:10  Hatchery  
  67  9:11  Zergling x10  
  67  9:14  Zerg Melee Weapons Level 2  
  71  9:18  Centrifical Hooks  
  71  9:19  Overlord  
  71  9:20  Evolution Chamber  
  70  9:29  Drone  
  73  9:32  Pneumatized Carapace  
  73  9:36  Zergling x4  
  65  10:04  Hatchery  
  55  10:12  Spire  
  52  10:26  Overlord  
  52  10:33  Extractor  
  51  10:37  Spore Crawler  
  51  10:38  Spore Crawler  
  49  10:44  Hatchery  
  49  10:49  Queen  
  50  10:58  Zergling x2  
  51  11:05  Drone x3  
  54  11:16  Queen  
  54  11:17  Infestation Pit, Drone  
  56  11:22  Extractor  
  56  11:25  Queen  
  54  11:29  Extractor, Corruptor x2  
  59  11:37  Corruptor  
Show
View Real Time Build Order
Export as new Build Order

Sid Protoss - Winner!

Build Orders: Nexus First, Carriers 

Get SALT Encoding   

  12  0:01  Probe  
  13  0:13  Probe  
  14  0:23  Pylon  
  14  0:26  Probe  
  15  0:38  Probe  
  16  0:46  Probe  
  16  0:55  Probe  
  18  1:04  Nexus  
  18  1:08  Probe  
  19  1:17  Forge  
  19  1:22  Probe  
  20  1:28  Pylon  
  20  1:34  Probe  
  21  1:44  Pylon  
  21  1:46  Probe  
  22  1:54  Pylon  
  22  1:58  Probe  
  22  1:59  Photon Cannon  
  23  2:13  Photon Cannon  
  23  2:17  Photon Cannon  
  23  2:20  Photon Cannon  
  23  2:29  Photon Cannon  
  23  2:30  Probe  
  23  2:34  Probe  
  25  2:45  Pylon  
  25  2:47  Gateway  
  25  2:49  Probe  
  26  2:55  Probe  
  27  2:59  Assimilator  
  27  3:01  Probe, Assimilator  
  28  3:07  Probe  
  29  3:14  Probe  
  29  3:19  Probe  
  31  3:26  Probe  
  31  3:27  Assimilator  
  31  3:30  Assimilator  
  31  3:31  Probe  
  32  3:38  Probe  
  32  3:39  Cybernetics Core  
  33  3:43  Probe  
  34  3:48  Probe, Photon Cannon  
  34  3:53  Probe  
  35  3:56  Probe  
  35  4:00  Zealot  
  35  4:01  Probe  
  39  4:04  Probe  
  41  4:10  Probe  
  41  4:16  Probe  
  43  4:23  Stargate  
  43  4:25  Stargate  
  43  4:27  Photon Cannon  
  43  4:31  Probe  
  43  4:32  Probe  
  43  4:34  Photon Cannon  
  45  4:39  Probe  
  45  4:40  Probe  
  47  4:45  Protoss Air Weapons Level 1  
  47  4:48  Probe  
  48  5:00  Void Ray  
  48  5:06  Probe x2  
  58  5:19  Void Ray  
  58  5:22  Pylon  
  58  5:32  Nexus  
  58  5:33  Pylon  
  58  5:36  Pylon  
  58  5:41  Stargate  
  58  5:44  Photon Cannon  
  58  5:45  Void Ray  
  58  5:48  Pylon  
  58  5:54  Void Ray  
  66  6:12  Photon Cannon x2  
  66  6:13  Probe x2  
  66  6:15  Photon Cannon  
  68  6:28  Void Ray  
  72  6:37  Void Ray  
  76  6:44  Photon Cannon  
  76  6:46  Probe x3, Photon Cannon  
  79  6:54  Fleet Beacon  
  79  6:57  Pylon, Photon Cannon  
  79  7:03  Probe  
  79  7:04  Probe x2  
  82  7:09  Pylon  
  82  7:25  Probe x3  
  85  7:37  Probe x2  
  85  7:38  Probe  
  85  7:42  Carrier x2  
  85  7:43  Carrier  
  106  7:53  Probe x2  
  106  7:54  Probe  
  106  7:55  Assimilator  
  109  7:58  Assimilator  
  109  8:14  Nexus  
  109  8:17  Pylon  
  109  8:19  Probe x2, Protoss Air Weapons Level 2  
  112  8:20  Pylon, Probe  
  112  8:24  Pylon  
  112  8:26  Photon Cannon  
  112  8:29  Pylon  
  112  8:31  Assimilator  
  112  8:41  Carrier x2  
  124  8:50  Photon Cannon  
  124  8:54  Photon Cannon  
  124  8:56  Photon Cannon  
  124  9:11  Photon Cannon  
  124  9:14  Photon Cannon  
  124  9:18  Photon Cannon  
  124  9:19  Probe x2  
  124  9:20  Mothership, Carrier, Probe  
  141  9:38  Stargate  
  141  9:47  Photon Cannon  
  141  10:04  Carrier  
  141  10:05  Carrier  
  141  10:06  Probe  
  141  10:07  Probe x2  
  144  10:09  Assimilator  
  144  10:13  Carrier, Assimilator  
  144  10:16  Photon Cannon  
  162  10:56  Nexus  
  162  10:58  Pylon  
  162  11:02  Pylon  
  162  11:05  Pylon  
  162  11:09  Pylon  
  162  11:11  Pylon  
  162  11:15  Pylon  
  168  11:27  Stargate  
  168  11:29  Stargate  
  168  11:32  Photon Cannon  
  168  11:33  Stargate  
  168  11:35  Photon Cannon, Stargate  
  168  11:37  Photon Cannon  
  168  11:40  Photon Cannon  
  168  11:43  Photon Cannon  
Tags
 
Composition
Carriers
League
Platinum
Matchup
PvZ
Replay Pack
init
Spawn Locations
Close Positions
Add a new tag
Caveats
  • Supply blocks, unpowered buildings, or Contaminate may cause inaccurate times.
  • Supply counts are checked every 10 seconds.